 Dungeon Crawl Stone Soup version 0.30-a0-394-g3e4acdb0ae (webtiles) character file.

Game seed: 13713525996749083591

164234 SmokeWeed the Peltast (level 17, -7/156 HPs)
             Began as a Hill Orc Fighter on Dec 5, 2022.
             Was a High Priest of Beogh.
             Mangled by a slime creature (14 damage)
             ... on level 1 of the Pits of Slime on Dec 7, 2022.
             The game lasted 03:25:02 (25657 turns).

SmokeWeed the Peltast (Hill Orc Fighter)           Turns: 25657, Time: 03:25:02

Health: -7/156     AC: 31    Str: 31    XL:     17   Next: 85%
Magic:  9/21       EV:  9    Int: 10    God:    Beogh [*****.]
Gold:   1007       SH:  0    Dex: 19    Spells: 13/16 levels left

rFire   . . .      SeeInvis .    x - +8 demon trident "Rift" {distort, reach+}
rCold   + . .      Faith    +    W - +0 tower shield of Mirth {+Inv Regen+}
rNeg    . . .      Spirit   .    V - +4 plate armour {rPois}
rPois   +          Reflect  .    Z - +0 helmet
rElec   +          Harm     .    c - +2 cloak {rC+}
rCorr   .          Rampage  +    U - +0 pair of fencer's gloves {Riposte Dex+3}
Will    +....      NoCast   +    S - +2 pair of boots {rampage}
Stlth   ..........               m - amulet "Achin" {Faith -Cast rElec Regen+ Stlth+}
HPRegen 2.06/turn                D - +6 ring of dexterity
MPRegen 0.17/turn                J - +6 ring of strength

@: confused, engulfed (cannot breathe), invisible
A: walk on water
a: Renounce Religion, Evoke Invisibility, Smiting, Recall Orcish Followers, Give
Item to Named Follower


You were on level 1 of the Pits of Slime.
You worshipped Beogh.
Beogh was extremely pleased with you.
You visited 5 branches of the dungeon, and saw 26 of its levels.
You visited the Abyss 1 time.
You also visited: Ice Cave.

You collected 3949 gold pieces.
You spent 2942 gold pieces at shops.

Inventory:

Hand Weapons
 v - the +11 quarterstaff of Dissatisfaction {freeze, +Blink Fly Stlth-}
   (You found it on level 1 of the Elven Halls)

   It freezes those it strikes, dealing additional cold damage.
   It can also slow down cold-blooded creatures.
   Fly:       It grants you flight.
   +Blink:    It lets you blink.
   Stlth:     It makes you less stealthy.
 x - the +8 demon trident "Rift" (weapon) {distort, reach+}
   (You bought it in a shop on level 13 of the Dungeon)

   It warps and distorts space around it, and may blink, banish, or inflict
   extra damage upon those it strikes.
   Unwielding it can cause banishment or high damage.
   It can reach especially far, and its reaching attacks ignore other creatures
   in the way.
 y - a +9 vampiric broad axe
 z - the +11 scimitar "Camucsoo" {vorpal, rC- rN+ Str+2}
   (You took it off a deep elf annihilator on level 3 of the Elven Halls)

   It inflicts extra damage upon your enemies.
   Str:       It affects your strength (+2).
   rC:        It makes you vulnerable to cold.
   rN:        It protects you from negative energy.
 E - the +8 war axe of Beogh's Benevolence {drain, Dex+5 SInv}
   (You found it on level 9 of the Dungeon)

   A truly terrible weapon, it drains the life of any living foe it strikes.
   Dex:       It affects your dexterity (+5).
   SInv:      It lets you see invisible.
 L - the +9 glaive of Wrongful Imprisonment {freeze, Fragile Fly rCorr Dex+3}
   (You took it off a deep elf knight on level 3 of the Elven Halls)

   It freezes those it strikes, dealing additional cold damage.
   It can also slow down cold-blooded creatures.
   Dex:       It affects your dexterity (+3).
   Fly:       It grants you flight.
   rCorr:     It protects you from acid and corrosion.
   Fragile:   It will be destroyed if unequipped.
 N - the +8 hand axe "Jeiteg" {flame, rPois rF+ Dex+7}
   (You found it on level 14 of the Dungeon)

   It burns those it strikes, dealing additional fire damage.
   Big, fiery blades are also staple armaments of hydra-hunters.
   Dex:       It affects your dexterity (+7).
   rF:        It protects you from fire.
   rPois:     It protects you from poison.
 X - the +8 flail of the Hidden Vale {vorpal, rElec rPois rC+ Dex+4}
   (You found it on level 14 of the Dungeon)

   It inflicts extra damage upon your enemies.
   Dex:       It affects your dexterity (+4).
   rC:        It protects you from cold.
   rElec:     It insulates you from electricity.
   rPois:     It protects you from poison.
Missiles
 K - 26 boomerangs (quivered)
 Q - 6 atropa-tipped darts
 T - 8 silver javelins
 Y - 12 javelins
Armour
 a - the +0 tower shield of the Endless Expanse {+Blink rF+ rCorr Int+4}
   (You took it off a deep elf high priest on level 3 of the Elven Halls)

   Int:       It affects your intelligence (+4).
   rF:        It protects you from fire.
   +Blink:    It lets you blink.
   rCorr:     It protects you from acid and corrosion.
 c - a +2 cloak of cold resistance (worn)
 S - a +2 pair of boots of rampaging (worn)
 U - the +0 pair of fencer's gloves (worn) {Riposte Dex+3}
   (You bought it in a shop on level 3 of the Dungeon)

   It allows the wearer to riposte with melee weapons, swiftly retaliating
   against missed or blocked melee attacks.
   Dex:       It affects your dexterity (+3).
 V - a +4 plate armour of poison resistance (worn)
 W - the +0 tower shield of Mirth (worn) {+Inv Regen+}
   (You bought it in a shop on level 2 of the Orcish Mines)

   +Inv:      It lets you turn invisible.
   Regen:     It increases your rate of health regeneration.
 Z - a +0 helmet (worn)
Jewellery
 d - the ring of Scepticism {rN+ EV+4}
   (You took it off a deep elf blademaster on level 3 of the Elven Halls)

   [ring of evasion]

   EV:        It affects your evasion (+4).
   rN:        It protects you from negative energy.
 e - an amulet of regeneration
 m - the amulet "Achin" (around neck) {Faith -Cast rElec Regen+ Stlth+}
   (You found it on level 2 of the Dungeon)

   [amulet of faith]

   It allows you to gain divine favour quickly.
   rElec:     It insulates you from electricity.
   -Cast:     It prevents spellcasting.
   Regen:     It increases your rate of health regeneration.
   Stlth:     It makes you more stealthy.
 q - the ring of Ytatirghy {rElec rPois rF+ SInv Stlth-}
   (You found it on level 15 of the Dungeon)

   [ring of protection from fire]

   rF:        It protects you from fire.
   rElec:     It insulates you from electricity.
   rPois:     It protects you from poison.
   SInv:      It lets you see invisible.
   Stlth:     It makes you less stealthy.
 t - a ring of resist corrosion
 A - an amulet of the acrobat
 D - a +6 ring of dexterity (left hand)
 J - a +6 ring of strength (right hand)
Wands
 i - a wand of paralysis (21)
 j - a wand of flame (4)
 o - a wand of iceblast (21)
 r - a wand of mindburst (9)
 F - a wand of polymorph (24)
 P - a wand of digging (13)
Scrolls
 G - 2 scrolls of magic mapping
 H - a scroll of fear
 I - 4 scrolls of teleportation
 R - a scroll of blinking
Potions
 b - 4 potions of lignification
 f - 6 potions of ambrosia
 g - 7 potions of brilliance
 h - 20 potions of curing
 l - 2 potions of magic
 u - a potion of might
 O - a potion of resistance
Miscellaneous
 k - a phantom mirror
 n - a piece from Xom's chessboard (15/15)
 p - a phial of floods
 w - a piece from Xom's chessboard (15/15)
 B - a lightning rod (4/4)


   Skills:
 - Level 15.3 Fighting
 - Level 14.7(19.2) Axes
 - Level 9.3(12.2) Maces & Flails
 - Level 14.8(16.6) Polearms
 + Level 4.8 Throwing
 - Level 15.0 Armour
 - Level 5.0 Dodging
 - Level 2.7 Stealth
 - Level 16.0 Shields
 - Level 6.0 Invocations
 - Level 5.0 Evocations


You had 13 spell levels left.
You knew the following spells:

 Your Spells              Type           Power      Damage    Failure   Level
a - Swiftness             Air            0%         N/A       100%        3

Your spell library contained the following spells:

 Spells                   Type           Power      Damage    Failure   Level
 Apportation              Tloc           0%         N/A       100%        1
 Kiss of Death            Conj/Necr      0%         2d5       100%        1
 Necrotise                Necr           0%         1d4       100%        1
 Shock                    Conj/Air       0%         1d3       100%        1
 Slow                     Hex            0%         N/A       100%        1
 Blink                    Tloc           0%         N/A       100%        2
 Momentum Strike          Conj/Tloc      0%         3d8       100%        2
 Scorch                   Fire           0%         2d5       100%        2
 Static Discharge         Conj/Air       0%         2-2/arc   100%        2
 Call Canine Familiar     Summ           0%         N/A       100%        3
 Confusing Touch          Hex            0%         N/A       100%        3
 Ignite Poison            Fire/Tmut/Pois 0%         N/A       100%        3
 Kindle Blastsparks       Fire/Tloc/Air  0%         2d10      100%        3
 Lesser Beckoning         Tloc           0%         N/A       100%        3
 Ozocubu's Armour         Ice            0%         N/A       100%        3
 Portal Projectile        Hex/Tloc       0%         N/A       100%        3
 Tukima's Dance           Hex            0%         N/A       100%        3
 Vampiric Draining        Necr           0%         2d6       100%        3
 Airstrike                Air            0%         2d(0-16)  100%        4
 Animate Armour           Summ/Erth      0%         N/A       100%        4
 Flame Wave               Conj/Fire      0%         2d4       100%        4
 Leda's Liquefaction      Hex/Erth       0%         N/A       100%        4
 Manifold Assault         Tloc           0%         N/A       100%        4
 Passage of Golubria      Tloc           0%         N/A       100%        4
 Sticky Flame             Conj/Fire      0%         2d3       100%        4
 Summon Ice Beast         Ice/Summ       0%         N/A       100%        4
 Agony                    Necr           0%         N/A       100%        5
 Alistair's Intoxication  Tmut/Pois      0%         N/A       100%        5
 Freezing Cloud           Conj/Ice/Air   0%         6-21      100%        5
 Irradiate                Conj/Tmut      0%         3d11      100%        5
 Lee's Rapid Deconstruct  Erth           0%         3d4*      100%        5
 Metabolic Englaciation   Hex/Ice        0%         N/A       100%        5
 Summon Mana Viper        Hex/Summ       0%         N/A       100%        5
 Yara's Violent Unravell  Hex/Tmut       0%         3d3       100%        5
 Dispersal                Tloc           0%         N/A       100%        6
 Simulacrum               Ice/Necr       0%         N/A       100%        6
 Starburst                Conj/Fire      0%         6d3       100%        6
 Statue Form              Tmut/Erth      0%         N/A       100%        6
 Summon Cactus Giant      Summ           0%         N/A       100%        6
 Enfeeble                 Hex            0%         N/A       100%        7
 Monstrous Menagerie      Summ           0%         N/A       100%        7
 Ozocubu's Refrigeration  Ice            0%         4d7       100%        7
 Disjunction              Tloc           0%         N/A       100%        8


Dungeon Overview and Level Annotations

Branches:
Dungeon (15/15)            Temple (0/1) D:7            Lair (5/5) D:8
  Swamp (0/4) Lair:3        Snake (0/4) Lair:2        Slime (1/5) Lair:5
    Orc (2/2) D:10            Elf (3/3) Orc:2        Vaults (0/5) D:13
 Depths (0/4) D:15          IceCv (visited)

Altars:
Kikubaaqudgha
Qazlal
Ru
Sif Muna
Vehumet
Zin
The Shining One

Shops:
D:3 *   D:5 !   D:7 [   D:11 *   D:12 [(   D:13 (=   D:14 !:(   Orc:2 [[[=


Message History

A large slime creature splits.
The slime creature hits you but does no damage.
You feel much better.
* * * LOW HITPOINT WARNING * * *
Your lungs strain for air!
The slime creature quivers. x3
The shining eye turns its gaze towards you.
The quicksilver ooze hits you. The quicksilver ooze hits you!
* * * LOW HITPOINT WARNING * * *
You feel your power leaking away. The quicksilver ooze barely misses you.
The quicksilver ooze hits you but does no damage.
Two slime creatures merge to form a large slime creature.
The slime creature hits you!
* * * LOW HITPOINT WARNING * * *
A large slime creature splits.
The slime creature closely misses you. The quicksilver ooze hits you.
The quicksilver ooze hits you but does no damage.
The slime creature hits you but does no damage.
The quicksilver ooze hits you.
The quicksilver ooze hits you but does no damage.
A quicksilver ooze comes into view.
You feel better.
You feel less invigorated.
* * * LOW HITPOINT WARNING * * *
Your lungs strain for air!
The slime creature quivers.
The golden eye blinks!
A slime creature comes into view.
You block the slime creature's attack.
You riposte.
You hit the slime creature.
Space warps around the slime creature.
The slime creature is lightly wounded.
The quicksilver ooze hits you.
You block the quicksilver ooze's attack.
The golden eye blinks at you.
You are confused.
The quicksilver ooze hits you!
* * * LOW HITPOINT WARNING * * *
The quicksilver ooze hits you but does no damage.
The slime creature barely misses you. The slime creature hits you!
You die...

## J...
##.##.G..
##....J...
#.........
##.......>.
#...JJ.....
##.JJJ......
#...@ยง......
....#.JGJ...#..
# ##.JJ.#.#
....J...J......
.......J..#....
...........##.G
.....>..#...# .
........##...#
......... ....#


You could see a large slime creature (unable to see you), 9 slime creatures, a
shining eye, 3 quicksilver oozes and 2 golden eyes.

Vanquished Creatures
  A deep elf blademaster (Elf:3)
  2 deep elf master archers (Elf:3)
  A frost giant (IceCv)
  3 deep elf sorcerers (Elf:3)
  3 deep elf elementalists (Elf:3)
  2 deep elf demonologists (Elf:3)
  4 deep elf annihilators (Elf:3)
  An ettin (Orc:2)
  2 deep elf death magi (Elf:3)
  2 deep elf high priests (Elf:3)
  2 catoblepae
  A centaur warrior (D:15)
  6 two-headed ogres
  2 hydras
  A two-headed ogre (shapeshifter) (D:13)
  16 dancing weapons
  3 boulder beetles
  7 death yaks
  13 deep elf knights
  6 skeletal warriors
  2 deep trolls (Orc:2)
  11 deep elf archers
  17 deep elf pyromancers
  14 deep elf zephyrmancers
  3 ugly things
  4 cyclopes
  A manticore (D:14)
  Joseph (D:10)
  3 black mambas
  An elephant (Lair:4)
  6 cane toads
  2 gargoyles
  A smoke demon (D:14)
  4 unseen horrors
  An efreet (D:15)
  4 rime drakes
  A kobold demonologist (D:11)
  A freezing wraith (D:15)
  3 komodo dragons
  Grinder (D:4)
  8 polar bears
  18 slime creatures
  2 meliai (D:15)
  6 trolls
  A hornet (D:8)
  A dream sheep (Lair:5)
  8 blink frogs
  A centaur simulacrum (D:15)
  A shadow (D:10)
  2 wraiths
  A vampire (D:8)
  2 water elementals
  48 yaks
  2 golden eyes (Slime:1)
  4 wyverns
  2 fire elementals
  Grum (D:8)
  16 vampire mosquitoes
  A basilisk (Lair:2)
  The ghost of thurberlil the Shooter, an amateur HuHu of Gozag (D:3)
  A steam dragon (D:6)
  2 nagas (Lair:2)
  27 water moccasins
  Edmund (D:5)
  Duvessa (D:5)
  A swamp drake (Lair:1)
  A sky beast (D:8)
  5 orc warriors
  3 black bears
  9 ogres
  24 wolves
  5 centaurs
  2 phantoms
  Blork the orc (D:5)
  9 bullfrogs
  A gnoll sergeant (D:8)
  3 scorpions
  9 wights (D:8)
  Dowan (D:5)
  11 killer bees
  A vampire bat (D:10)
  6 howler monkeys
  An electric eel (Lair:1)
  A crimson imp (D:14)
  2 lava snakes (D:14)
  2 quasits (D:6)
  2 orc priests
  A hound (D:7)
  2 jellies
  A gnoll bouda (D:7)
  Ijyb (D:3)
  6 iguanas
  3 orc wizards
  4 gnolls (D:7)
  23 adders
  6 shadow imps
  5 white imps
  10 ufetubi
  5 worms
  A dart slug (D:2)
  14 orcs
  9 ball pythons
  6 endoplasms
  2 giant cockroaches
  8 goblins
  6 hobgoblins
  A jackal (D:2)
  3 kobolds
  4 quokkas
  14 bats
  8 frilled lizards
  3 rats
  A fire vortex (D:14)
564 creatures vanquished.

Vanquished Creatures (collateral kills)
  Asterion (Elf:1)
  A deep elf blademaster (Elf:3)
  3 deep elf sorcerers
  Aizul (Elf:3)
  2 deep elf elementalists (Elf:3)
  A dire elephant (D:15)
  A vault guard (D:13)
  A hydra (D:14)
  2 orc high priests
  2 ogre magi (Orc:2)
  3 catoblepae
  A centaur warrior (D:8)
  9 dancing weapons
  2 boulder beetles
  16 death yaks
  4 two-headed ogres
  A skeletal warrior (D:12)
  9 deep elf knights
  7 deep elf archers
  A wizard (D:14)
  18 deep elf pyromancers
  An orc sorcerer (Orc:2)
  2 wolf spiders
  16 deep elf zephyrmancers
  2 ugly things (D:14)
  5 cyclopes
  4 manticores
  An ice statue (IceCv)
  A black mamba (shapeshifter) (Elf:2)
  2 elephants (Lair:4)
  A black mamba (Lair:5)
  2 cane toads
  3 efreet
  4 rime drakes
  3 komodo dragons
  An ice devil (D:14)
  A meliai (D:15)
  A polar bear (IceCv)
  7 trolls
  A meliai (shapeshifter) (D:14)
  9 slime creatures
  5 blink frogs
  6 dream sheep (Lair:5)
  A dream sheep (shapeshifter) (D:13)
  An air elemental (Elf:1)
  A shadow (D:12)
  2 water elementals (Elf:2)
  35 yaks
  A wyvern (Lair:2)
  2 basilisks
  2 wargs
  6 vampire mosquitoes
  2 nagas (Lair:2)
  4 water moccasins
  5 orc warriors
  11 ogres
  8 wolves
  2 centaurs
  2 bullfrogs
  A necrophage (D:8)
  A gnoll sergeant (D:8)
  A wight (D:8)
  2 killer bees (D:9)
  An electric eel (Lair:3)
  3 howler monkeys (D:8)
  3 crimson imps (D:14)
  An orc priest (D:10)
  4 orc wizards
  3 adders (Lair:1)
  2 white imps (D:14)
  10 orcs
281 creatures vanquished.

Vanquished Creatures (others)
  2 orc warlords (Elf:3)
  2 orc high priests
  7 orc knights
  8 orc warriors
  A deep elf archer (Elf:2)
  A deep elf zephyrmancer (Elf:1)
  6 orc wizards
  4 orc priests
  18 orcs
  5 demonic plants (D:6)
  52 fungi
  57 plants
163 creatures vanquished.

Grand Total: 1008 creatures vanquished

Notes
Turn   | Place    | Note
-------+----------+-------------------------------------------
     0 | D:1      | SmokeWeed the Hill Orc Fighter began the quest for the Orb.
     0 | D:1      | Reached XP level 1. HP: 19/19 MP: 1/1
   116 | D:1      | You fall into a shaft and drop 1 floor!
   164 | D:2      | Reached XP level 2. HP: 22/26 MP: 2/2
   705 | D:1      | Reached XP level 3. HP: 32/33 MP: 3/3
   890 | D:2      | Reached skill level 4 in Shields
   917 | D:2      | Identified the amulet "Achin" {Faith -Cast rElec Regen+
                  | Stlth+}
  1044 | D:2      | Identified the +2 pair of gloves "Xuipreyshe" {Str+2}
  1150 | D:2      | Reached XP level 4. HP: 40/40 MP: 4/4
  1894 | D:3      | Noticed thurberlil's ghost (amateur HuHu)
  1902 | D:3      | Found a runed translucent gate.
  1902 | D:3      | Found a runed translucent gate.
  1928 | D:3      | Found a runed translucent gate.
  1974 | D:3      | Found Izacuis's Assorted Antiques.
  2125 | D:3      | Reached XP level 5. HP: 46/46 MP: 5/5
  2190 | D:3      | Noticed Ijyb
  2195 | D:3      | Killed Ijyb
  2601 | D:4      | Noticed Grinder
  2601 | D:4      | Paralysed by Grinder for 4 turns
  2802 | D:4      | Killed Grinder
  2803 | D:4      | Reached skill level 5 in Maces & Flails
  2803 | D:4      | Reached XP level 6. HP: 52/52 MP: 6/6
  2803 | D:4      | Reached XP level 7. HP: 59/59 MP: 7/7
  3026 | D:4      | Found a glowing silver altar of Zin.
  3259 | D:5      | Entered Level 5 of the Dungeon
  3275 | D:5      | Reached skill level 5 in Shields
  3283 | D:5      | Noticed Blork the orc
  3292 | D:5      | Killed Blork the orc
  3294 | D:5      | Became a worshipper of Beogh the Brigand
  3342 | D:5      | Found Pisug's Distillery.
  3369 | D:5      | Found a glowing golden altar of the Shining One.
  3426 | D:5      | Reached skill level 1 in Throwing
  3456 | D:5      | Reached skill level 5 in Armour
  3473 | D:5      | Noticed Edmund
  3481 | D:5      | Killed Edmund
  3966 | D:5      | Noticed Duvessa
  3966 | D:5      | Noticed Dowan
  3968 | D:5      | Killed Dowan
  3969 | D:5      | Reached XP level 8. HP: 67/67 MP: 8/8
  3973 | D:5      | Killed Duvessa
  4135 | D:6      | Reached skill level 6 in Shields
  4177 | D:6      | Reached * piety under Beogh
  4203 | D:6      | Reached skill level 1 in Dodging
  4318 | D:6      | Reached skill level 5 in Fighting
  4318 | D:6      | Reached skill level 7 in Shields
  4318 | D:6      | Reached XP level 9. HP: 74/74 MP: 9/9
  4926 | D:7      | Found Gef Teza's Antique Armour Emporium.
  4993 | D:7      | Found a staircase to the Ecumenical Temple.
  5179 | D:7      | Reached skill level 8 in Shields
  5185 | D:7      | Reached ** piety under Beogh
  5313 | D:7      | Noticed a troll
  5323 | D:7      | Killed a troll
  5816 | D:8      | Noticed Grum
  5822 | D:7      | Reached skill level 9 in Shields
  5845 | D:8      | Killed Grum
  5963 | D:8      | Reached XP level 10. HP: 83/83 MP: 10/10
  6045 | D:8      | Found a staircase to the Lair.
  6048 | D:8      | Noticed a death yak
  6048 | D:8      | Noticed a death yak
  6048 | D:8      | Noticed a death yak
  6070 | D:8      | Reached *** piety under Beogh
  6152 | D:8      | Reached skill level 10 in Shields
  6193 | D:8      | Noticed a cyclops
  6196 | D:8      | Noticed a two-headed ogre
  6443 | D:9      | Found a shimmering blue altar of Sif Muna.
  6443 | D:9      | Found a sacrificial altar of Ru.
  6450 | D:9      | Identified the +8 war axe of Beogh's Benevolence {drain,
                  | Dex+5 SInv}
  6566 | D:9      | Reached skill level 1 in Axes
  6568 | D:9      | Reached **** piety under Beogh
  6639 | D:9      | Reached skill level 11 in Shields
  6879 | D:10     | Entered Level 10 of the Dungeon
  7031 | D:10     | Reached skill level 5 in Axes
  7031 | D:10     | Reached XP level 11. HP: 90/91 MP: 11/11
  7459 | D:10     | Noticed Joseph
  7467 | D:10     | Killed Joseph
  7521 | D:10     | Found a staircase to the Orcish Mines.
  7617 | D:11     | Gained Ortolf as an ally
  7624 | D:11     | Noticed a boulder beetle
  7656 | D:11     | Killed a boulder beetle
  7746 | D:11     | Reached ***** piety under Beogh
  7747 | D:11     | Reached skill level 12 in Shields
  7911 | D:11     | Found Matidim's Assorted Antiques.
  8008 | D:11     | Noticed a two-headed ogre
  8014 | D:11     | Killed a two-headed ogre
  8147 | D:11     | Noticed a boulder beetle
  8163 | D:11     | Killed a boulder beetle
  8358 | D:12     | Found a glowing silver altar of Zin.
  8507 | D:12     | Noticed a manticore
  8514 | D:12     | Killed a manticore
  8541 | D:12     | Found Fokir's Antique Armour Boutique.
  8550 | D:12     | Gained Korbok as an ally
  8573 | D:12     | Noticed a cyclops
  8580 | D:12     | Killed a cyclops
  8664 | D:12     | Noticed a two-headed ogre
  8669 | D:12     | Killed a two-headed ogre
  8711 | D:12     | Reached skill level 13 in Shields
  8712 | D:12     | Reached XP level 12. HP: 74/101 MP: 12/12
  8896 | D:12     | Reached skill level 10 in Axes
  8990 | D:12     | Found Yjuet's Weapon Boutique.
  9495 | D:8      | Killed a two-headed ogre
  9496 | D:8      | Reached skill level 1 in Stealth
  9590 | D:8      | Killed a death yak
  9593 | D:8      | Killed a death yak
  9594 | D:8      | Reached skill level 14 in Shields
  9594 | D:8      | Killed a death yak
 10137 | D:8      | Noticed a centaur warrior
 10143 | D:8      | Killed a centaur warrior
 10530 | D:3      | Killed thurberlil's ghost
 10821 | Lair:1   | Entered Level 1 of the Lair of Beasts
 10949 | Lair:1   | Noticed a boulder beetle
 10966 | Lair:1   | Killed a boulder beetle
 11086 | Lair:1   | Reached XP level 13. HP: 110/110 MP: 13/13
 11310 | Lair:1   | Identified a scroll of acquirement
 11310 | Lair:1   | Acquired 834 gold pieces
 11551 | D:3      | Bought the +0 pair of fencer's gloves {Riposte Dex+3} for
                  | 960 gold pieces
 11551 | D:3      | Found the +0 pair of fencer's gloves {Riposte Dex+3}
 11564 | D:3      | Bought a faintly humming kite shield for 228 gold pieces
 11564 | D:3      | Identified the +0 kite shield "Aloentiaja" {Will+ Stlth+}
                  | (You bought it in a shop on level 3 of the Dungeon)
 11837 | Orc:1    | Entered Level 1 of the Orcish Mines
 11936 | Orc:2    | Entered Level 2 of the Orcish Mines
 11939 | Orc:2    | Found Siexath's Armour Emporium.
 11939 | Orc:2    | Found Kifuheam's Jewellery Emporium.
 11947 | Orc:2    | Reached ****** piety under Beogh
 11950 | Orc:2    | Reached skill level 10 in Armour
 11950 | Orc:2    | Reached skill level 15 in Shields
 11960 | Orc:2    | Noticed an ettin
 11965 | Orc:2    | Your ally Ortolf died
 11971 | Orc:2    | Killed an ettin
 11987 | Orc:2    | Gained Oreg as an ally
 12073 | Orc:2    | Found Cil Zymp's Armour Shop.
 12076 | Orc:2    | Bought the +0 tower shield of Mirth {+Inv Regen+} for 277
                  | gold pieces
 12102 | Orc:2    | Found Plog's Antique Armour Shoppe.
 12236 | Orc:2    | Found a staircase to the Elven Halls.
 13378 | Lair:2   | Found a staircase to the Snake Pit.
 13518 | Lair:2   | Reached skill level 10 in Fighting
 13595 | Lair:2   | Found a frozen archway.
 13609 | IceCv    | Entered an ice cave
 13660 | IceCv    | Reached skill level 1 in Invocations
 13661 | IceCv    | Reached XP level 14. HP: 121/121 MP: 13/15
 13714 | IceCv    | Identified the +1 leather armour "Cutacwip" {Str+4 Dex-3
                  | Stlth+}
 13795 | IceCv    | Gained Olfrun as an ally
 13837 | IceCv    | Reached skill level 5 in Invocations
 13845 | IceCv    | Gained Marbaugh as an ally
 13850 | IceCv    | Reached skill level 1 in Evocations
 13917 | IceCv    | Noticed a frost giant
 13938 | IceCv    | Your ally Olfrun died
 13940 | IceCv    | Killed a frost giant
 14638 | Lair:2   | Reached skill level 5 in Evocations
 15344 | Lair:3   | Found a staircase to the Swamp.
 15824 | Lair:4   | Reached skill level 5 in Dodging
 16388 | Lair:5   | Entered Level 5 of the Lair of Beasts
 16482 | Lair:5   | Reached skill level 16 in Shields
 16585 | Lair:5   | Reached XP level 15. HP: 88/126 MP: 19/19
 16640 | Lair:5   | Identified the +6 whip of the Wilderness {antimagic, *Noise
                  | rN+ SInv}
 16652 | Lair:5   | Found a staircase to the Slime Pits.
 16902 | Lair:5   | Gained Spirok as an ally
 17810 | D:12     | Bought a pair of runed boots for 210 gold pieces
 18369 | D:13     | Found Caari's Jewellery Emporium.
 18807 | D:13     | Found Vudexuth's Weapon Shop.
 19011 | D:13     | Your ally Marbaugh died
 19099 | D:13     | Found a gate to the Vaults.
 19194 | D:14     | Reached skill level 15 in Armour
 19213 | D:13     | Bought the +8 demon trident "Rift" {distort, reach+} for
                  | 1267 gold pieces
 19213 | D:13     | Found the +8 demon trident "Rift" {distort, reach+}
 19245 | D:14     | Reached skill level 1 in Polearms
 19337 | D:14     | Identified the +8 hand axe "Jeiteg" {flame, rPois rF+
                  | Dex+7}
 19381 | D:14     | Found Masede's Weapon Shop.
 19383 | D:14     | Found Xolohadd's Book Shoppe.
 19384 | D:14     | Found Xamapror's Distillery.
 19661 | D:14     | Your ally Spirok died
 19676 | D:14     | Identified the +8 flail of the Hidden Vale {vorpal, rElec
                  | rPois rC+ Dex+4}
 19761 | D:14     | Reached skill level 5 in Polearms
 20488 | D:15     | Entered Level 15 of the Dungeon
 20620 | D:15     | Reached XP level 16. HP: 134/134 MP: 20/20
 20676 | D:15     | Found a staircase to the Depths.
 20696 | D:15     | Identified the ring of Ytatirghy {rElec rPois rF+ SInv
                  | Stlth-}
 20766 | D:15     | Found a stormy altar of Qazlal.
 21321 | Elf:1    | Entered Level 1 of the Elven Halls
 21323 | Elf:1    | Noticed Asterion
 21334 | Elf:1    | Killed Asterion
 21410 | Elf:1    | Reached skill level 10 in Polearms
 21550 | Elf:1    | Identified the +11 quarterstaff of Dissatisfaction {freeze,
                  | +Blink Fly Stlth-}
 21616 | Elf:1    | Got Kavvij's Compendium of Friendly Conjuration
 21735 | Elf:1    | Paralysed by an air elemental for 1 turns
 21852 | Elf:1    | Found a radiant altar of Vehumet.
 22458 | Elf:2    | Found a runed translucent gate.
 22458 | Elf:2    | Found a runed translucent gate.
 22458 | Elf:2    | Found a runed translucent gate.
 22719 | Elf:2    | Reached XP level 17. HP: 127/148 MP: 21/21
 23047 | Elf:3    | Entered Level 3 of the Elven Halls
 23049 | Elf:3    | Noticed Aizul
 23057 | Elf:3    | Killed Aizul
 23097 | Elf:3    | Gained Oruk as an ally
 23538 | Elf:3    | Reached skill level 15 in Fighting
 23542 | Elf:3    | Identified the +9 glaive of Wrongful Imprisonment {freeze,
                  | Fragile Fly rCorr Dex+3}
 23545 | Elf:3    | Your ally Oruk died
 23760 | Abyss:3  | Cast into level 3 of the Abyss (a deep elf sorcerer)
 23801 | Elf:3    | Escaped the Abyss
 23810 | Elf:3    | Noticed a deep elf blademaster
 23820 | Elf:3    | Your ally Spirok died
 23821 | Elf:3    | Your ally Olfrun died
 23828 | Elf:3    | Killed a deep elf blademaster
 23830 | Elf:3    | Your ally Oreg died
 23837 | Elf:3    | Killed a ghostly deep elf blademaster
 23838 | Elf:3    | Your ally Korbok died
 24001 | Elf:3    | Identified the +8 rapier "Qebon Alu" {speed, rElec}
 24012 | Elf:3    | Your ally Oruk died
 24046 | Elf:3    | Learned a level 3 spell: Swiftness
 24145 | Elf:3    | Noticed a deep elf master archer
 24160 | Elf:3    | Your ally Oruk died
 24169 | Elf:3    | Killed a deep elf master archer
 24315 | Elf:3    | Upgraded the game from 0.30-a0-393-g54b8e3be05 to
                  | 0.30-a0-394-g3e4acdb0ae
 24365 | Elf:3    | Identified the +11 scimitar "Camucsoo" {vorpal, rC- rN+
                  | Str+2}
 24564 | Elf:3    | Noticed an Executioner
 24587 | Elf:3    | Noticed a Hell Sentinel
 24594 | Elf:3    | Noticed a Brimstone Fiend
 24616 | Elf:3    | Identified the ring of Scepticism {rN+ EV+4}
 24616 | Elf:3    | Noticed a deep elf blademaster
 24617 | Elf:3    | Noticed a deep elf master archer
 24641 | Elf:3    | Killed a deep elf blademaster
 24651 | Elf:3    | Killed a deep elf master archer
 24710 | Elf:3    | Identified the +0 tower shield of the Endless Expanse
                  | {+Blink rF+ rCorr Int+4}
 24790 | Elf:3    | Found the +10 Black Knight's barding {ponderous, rPois rN+}
 24876 | Elf:3    | Got the Atlas of Frostbitten Battle Magic
 24877 | Elf:3    | Identified the +9 whip of World's End {drain, rF+}
 24879 | Elf:3    | Got Sif Muna's Precepts of the Welkin and Imprecation
 25161 | Elf:1    | Found an ancient bone altar of Kikubaaqudgha.
 25620 | Slime:1  | Entered Level 1 of the Pits of Slime
 25654 | Slime:1  | HP: 3/156 [quicksilver ooze (18)]
 25657 | Slime:1  | Mangled by a slime creature

Illustrated notes

Levels and vault maps discovered:
D:1:      minmay_arrival_widening_spiral_wide, layout_basic,
          kennysheep_flooded_box
D:2:      kb_forest_paths, layout_loops_ring, kennysheep_generic_room_8
D:3:      layout_basic, gammafunk_ghost_split, serial_shops, shop, uniq_ijyb
D:4:      layout_loops_ring, kennysheep_mini_moat, uniq_grinder
D:5:      layout_basic, mainiacjoe_overflow_24_doors, serial_shops,
          shop_fountains, amcnicky_mini_pool_small, uniq_edmund,
          uniq_blork_the_orc, uniq_duvessa
D:6:      layout_basic, serial_demonic, serial_demonic_c, serial_demonic_b,
          serial_demonic_g, serial_demonic_d, serial_demonic_a,
          serial_demonic_g, serial_demonic_e, serial_demonic_d,
          serial_demonic_f, serial_demonic_d
D:7:      minmay_general_purpose_star, layout_loops_ring,
          minmay_temple_entry_mist, serial_shops, shop, moated_statue,
          minmay_microvault
D:8:      minmay_quarter_circles, layout_loops_corners, dpeg_lair_monsters,
          uniq_grum
D:9:      layout_roguey, jmf_multi_god_temple, minmay_misc_feat_diagonals,
          minivault_11, minmay_variable_closet
D:10:     layout_loops_cross, david_orc_4, roderic_batcave, uniq_joseph
D:11:     layout_loops_cross, minmay_misc_feat_doors, kennysheep_windowed_goal
D:12:     layout_irregular_city, serial_shops, nicolae_shop_waterfront,
          nicolae_shop_crystal, chequers_serial_rivers_micro_b, zin_scriptorium
D:13:     layout_long_grid, david_vaults_5, serial_shops, shop, shop,
          serial_co_window_serial, co_window_paths_a, co_window_paths_b,
          co_window_paths_a, co_window_paths_b, co_window_paths_b,
          co_window_of_opportunity_c, co_window_broadway_c, co_window_paths_c,
          co_window_2corner, co_window_paths_e, glass_columns_b, glass_columns_c
D:14:     layout_basic, nicolae_wooded_promenade, minmay_fire_ice_demons
D:15:     hangedman_depths_entry_try_elsewhere_first, layout_layer_cave,
          grunt_qazlal_clouds, corexii_hall_statues_l
Lair:1:   lemuel_reptile_caves, layout_loops_ring, st_stairs_5
Lair:2:   layout_regular_city, minmay_snake_entry_guardpost_small,
          portal_ice_cave_rime
Lair:3:   layout_loops_ring, minmay_swamp_entry_swarm, lemuel_fruit_fields,
          grunt_megastairs_4, infiniplex_staircase_pool
Lair:4:   layout_regular_city, dreamdust_mushroom_princess, serial_bayou_shore_b
Lair:5:   evilmike_catoblepas_cave, layout_gridlike, slime_entry_1
Slime:1:  layout_caves
Orc:1:    layout_caves, minmay_orc_temple_c
Orc:2:    st_orc_open, layout_caves
Elf:1:    elf_arrival_002, layout_loops_cross, basic_altar, minmay_elf_sorcery,
          lemuel_upstairs_altar, uniq_asterion
Elf:2:    nicolae_elf_blades_crystal_corner, layout_geoelf_diagonals
Elf:3:    elf_hall_gauntlet_narrow, layout_onion_city, abandoned_shop,
          uniq_aizul

Skill      XL: |  1  2  3  4  5  6  7  8  9 10 11 12 13 14 15 16 17 |
---------------+----------------------------------------------------+-----
Shields        | 4 5 7 9 11 13 14 15 16 | 16.0
Maces & Flails | 3 4 5 6 7 8 9 |  9.3
Armour         | 4 5 6 7 8 9 10 12 15 | 15.0
Fighting       | 4 5 6 7 8 10 12 15 | 15.3
Throwing       | 1 2 3 4 |  4.8
Dodging        | 1 5 |  5.0
Axes           | 5 9 12 14 | 14.7
Stealth        | 1 2 |  2.7
Invocations    | 1 6 |  6.0
Evocations     | 5 |  5.0
Polearms       | 8 12 14 | 14.8

Action                   |  1- 3 |  4- 6 |  7- 9 | 10-12 | 13-15 | 16-18 || total
-------------------------+-------+-------+-------+-------+-------+-------++-------
Melee: Flail             |   123 |    84 |   263 |    53 |       |       ||   523
       War axe           |       |       |       |   286 |   449 |       ||   735
       Demon trident     |       |       |       |       |   127 |   480 ||   607
       Whip              |       |       |       |       |     7 |       ||     7
Throw: Javelin           |     2 |     8 |    11 |     2 |       |       ||    23
       Boomerang         |       |       |       |     8 |    27 |    57 ||    92
Invok: Convert to Beogh  |       |       |     1 |       |       |       ||     1
       Give Item to Name |       |       |       |     2 |     4 |     1 ||     7
       Recall Orcish Fol |       |       |       |     2 |     7 |    10 ||    19
       Resurrection      |       |       |       |       |     1 |     2 ||     3
       Smiting           |       |       |       |       |       |     4 ||     4
Evoke: Wand              |       |       |     5 |     5 |     1 |     6 ||    17
  Use: Scroll            |       |     7 |     4 |     3 |    14 |     6 ||    34
       Potion            |       |     1 |     1 |     1 |     6 |    12 ||    21
 Stab: Distracted        |       |       |       |     6 |     8 |     1 ||    15
       Confused          |       |       |       |       |     3 |       ||     3
       Petrified         |       |       |       |       |     2 |       ||     2
       Petrifying        |       |       |       |       |     1 |       ||     1
       Invisible         |       |       |       |       |       |     2 ||     2
Armor: Scale mail        |    29 |       |       |       |       |       ||    29
       Chain mail        |    30 |    50 |   227 |    68 |    92 |    49 ||   516
       Ring mail         |     9 |       |       |       |       |       ||     9
       Plate armour      |       |       |       |    95 |    73 |    67 ||   235
Dodge: Dodged            |    61 |    22 |    70 |    62 |   102 |    72 ||   389
Block: Buckler           |    29 |    13 |       |       |       |       ||    42
       Tower shield      |       |     5 |   267 |   344 |   418 |   187 ||  1221
       Kite shield       |       |       |       |       |    31 |       ||    31
       Rpst.: War axe    |       |       |       |       |   133 |       ||   133
       Demon trident     |       |       |       |       |    19 |    49 ||    68
       Whip              |       |       |       |       |     3 |       ||     3

Table legend: (Time is in decaauts)
 A = Elapsed time spent in this place.
 B = Non-inter-level travel time spent in this place.
 C = Inter-level travel time spent in this place.
 D = Time resting spent in this place.
 E = Time spent auto-exploring this place.
 F = Levels seen in this place.
 G = Mean time per level.
                   A        B        C        D        E       F      G
               +--------+--------+--------+--------+--------+-----+--------+
         Total |  25837 |  22011 |   3826 |    836 |  15547 |  28 |  922.8 |
       Dungeon |  15417 |  12793 |   2624 |    207 |   9754 |  15 | 1027.8 |
          Lair |   4704 |   4234 |    470 |    308 |   3112 |   5 |  940.8 |
    Slime Pits |     32 |     32 |      0 |      0 |      0 |   1 |   32.0 |
  Orcish Mines |    929 |    765 |    164 |     74 |    565 |   2 |  464.5 |
   Elven Halls |   3931 |   3365 |    566 |    163 |   1807 |   3 | 1310.3 |
         Abyss |     40 |     40 |      0 |      0 |     31 |   1 |   40.0 |
      Ice Cave |    781 |    781 |      0 |     83 |    277 |   1 |  781.0 |
               +--------+--------+--------+--------+--------+-----+--------+

Top non-repeatable levels by time:
   Elf:3: 1925 daAuts
     D:8: 1494 daAuts
    D:14: 1437 daAuts
     D:2: 1313 daAuts
    D:13: 1267 daAuts
  Lair:5: 1257 daAuts
  Lair:1: 1145 daAuts
   Elf:2: 1139 daAuts
    D:12: 1121 daAuts
     D:3: 1118 daAuts
    D:10: 1024 daAuts
     D:7: 1016 daAuts
     D:5: 949 daAuts
     D:6: 891 daAuts
   Elf:1: 866 daAuts
